Penguins vs BlackHawks

Created - 25 décembre 2020 at 22:27

Goals
1 2 3 OT1 SO T
Penguins 1 2 0 0 1 4
BlackHawks 0 2 1 0 0 3
Shots
1 2 3 OT1 SO T
Penguins 8 17 11 3 3 39
BlackHawks 6 14 11 0 3 31

1st period

1. Penguins , Nathan MacKinnon 12 (Mark Giordano 13, Filip Hronek 11) at 18:40

Penalties :
Erik Johnson (CHI) for Boarding (Minor) at 5:36, Oliver Bjorkstrand (PIT) for Roughing (Minor) at 5:36

2nd period

2. Penguins , Mark Giordano 5 (Filip Hronek 12, Nathan MacKinnon 14) at 1:57 (PP)
3. BlackHawks , Ivan Barbashev 3 (Adam Larsson 5, Brandon Carlo 7) at 2:11
4. BlackHawks , Anze Kopitar 13 (Phillip Danault 18) at 6:06 (SH)
5. Penguins , David Perron 8 (Gabriel Landeskog 10, Mark Scheifele 14) at 7:38 (PP)

Penalties :
Lawson Crouse (CHI) for Roughing (Minor) at 1:27, Lawson Crouse (CHI) for Tripping (Minor) at 5:52, Filip Hronek (PIT) for Holding (Minor) at 15:20, John Marino (CHI) for Slashing (Minor) at 19:41

3rd period

6. BlackHawks , Jaden Schwartz 13 (Anze Kopitar 22, Phil Kessel 5) at 14:24

Penalties :
Oliver Bjorkstrand (PIT) for Elbowing (Minor) at 2:03, Gabriel Landeskog (PIT) for Holding (Minor) at 10:31, Marcus Pettersson (PIT) for Hooking (Minor) at 15:56

Overtime #1

No Goal

Penalties :
No Penalty

Shootout

Penguins, Nathan MacKinnon - Goal!
BlackHawks, Anze Kopitar - Stopped by Connor Hellebuyck
Penguins, Mark Scheifele - Stopped by Jacob Markstrom
BlackHawks, Phillip Danault - Stopped by Connor Hellebuyck
Penguins, Patrik Laine - Stopped by Jacob Markstrom
BlackHawks, Jaden Schwartz - Stopped by Connor Hellebuyck

Penalties :
No Penalty

Goalie Stats

Connor Hellebuyck (PIT), 28 saves from 31 shots - (0,903), W, 13-13-4, 65:00 minutes
Jacob Markstrom (CHI), 36 saves from 39 shots - (0,923), OTL, 13-14-2, 65:00 minutes

Players Stats for Penguins

Player Name              G  A  P  +/- PIM S  H  SB GA TA FO     MP     PP MP  PK MP  
------------------------------------------------------------------------------------
Adrian Kempe             0  0  0  -1  0   1  0  0  0  0  7/14    9:30   0:00   4:59 
Alex DeBrincat           0  0  0   0  0   2  0  0  0  0  0/2    10:37   0:00   1:00 
Brent Seabrook           0  0  0   0  0   0  1  1  0  0  0/0    13:07   0:00   0:00 
Cedric Paquette          0  0  0  -1  0   0  3  0  0  0  1/4     6:50   0:00   2:22 
Clayton Keller           0  0  0   0  0   1  0  0  0  0  3/13   10:04   0:00   0:27 
David Perron             1  0  1   0  0   3  0  0  0  0  1/1    18:25   1:36   0:00 
Drew Doughty             0  0  0  -2  0   1  2  4  0  0  0/0    28:09   1:59   4:29 
Filip Hronek             0  2  2   0  2   2  4  1  0  0  0/0    21:00   2:16   2:46 
Gabriel Landeskog        0  1  1   0  2   6  9  0  0  0  3/5    22:17   1:36   1:10 
Joe Thornton             0  0  0  -1  0   1  1  0  0  0  1/1    17:43   2:39   0:00 
Marcus Pettersson        0  0  0   0  2   0  2  0  0  0  0/0    13:22   0:00   0:16 
Mark Giordano            1  1  2   0  0   3  0  0  0  0  0/0    22:15   2:16   4:03 
Mark Scheifele           0  1  1   0  0   2  0  0  0  0  11/26  22:01   1:36   0:00 
Nathan MacKinnon         1  1  2  -1  0   6  0  0  0  0  10/28  21:43   2:39   0:00 
Oliver Bjorkstrand       0  0  0   0  4   1  3  0  0  0  0/1    13:07   0:00   3:32 
Oskar Lindblom           0  0  0  -1  0   1  0  0  0  0  0/1     6:50   0:00   2:22 
Patrik Laine             0  0  0  -1  0   5  3  1  0  0  0/2    20:55   2:39   0:00 
Shea Weber               0  0  0  -2  0   4  1  1  0  0  0/0    27:05   1:59   4:18 

Players Stats for BlackHawks

Player Name              G  A  P  +/- PIM S  H  SB GA TA FO     MP     PP MP  PK MP  
------------------------------------------------------------------------------------
Adam Larsson             0  1  1   1  0   1  1  0  0  0  0/0    20:12   3:12   2:11 
Anze Kopitar             1  1  2   1  0   8  3  0  0  0  24/33  25:48   4:29   3:32 
Ben Hutton               0  0  0   0  0   0  1  0  0  0  0/0    14:28   0:00   0:00 
Brandon Carlo            0  1  1   1  0   5  1  1  0  0  0/0    20:12   3:12   2:11 
Curtis Lazar             0  0  0   1  0   1  0  0  0  0  0/0     6:46   0:00   0:00 
Denis Malgin             0  0  0   1  0   0  0  0  0  0  1/1     6:46   0:00   0:00 
Erik Johnson             0  0  0   1  2   1  2  2  0  0  0/0    27:39   4:44   2:04 
Ivan Barbashev           1  0  1   1  0   1  0  0  0  0  8/11    6:52   0:00   0:06 
Jaden Schwartz           1  0  1   0  0   2  1  1  0  0  1/7    21:24   4:29   0:43 
Jake Virtanen            0  0  0   0  0   0  2  0  0  0  0/0    12:29   0:00   0:00 
Jared McCann             0  0  0   0  0   1  1  0  0  0  9/16   12:33   0:00   0:00 
John Marino              0  0  0   0  2   0  0  1  0  0  0/0    15:08   0:00   0:00 
Justin Faulk             0  0  0   1  0   3  2  6  0  0  0/0    27:19   4:44   2:04 
Kyle Palmieri            0  0  0   0  0   2  0  0  0  0  0/1    16:56   3:27   0:00 
Lawson Crouse            0  0  0   0  4   0  1  0  0  0  0/1    12:31   0:00   0:00 
Phil Kessel              0  1  1   0  0   2  1  0  0  0  0/3    20:58   4:29   0:43 
Phillip Danault          0  1  1   1  0   4  2  2  0  0  17/24  24:11   3:27   3:26 
Scott Laughton           0  0  0   0  0   0  1  0  0  0  1/1    16:30   3:27   0:00 

3 Stars

1 - Anze Kopitar (CHI)
2 - Mark Giordano (PIT)
3 - Nathan MacKinnon (PIT)

Power Play

Penguins - 2 on 3 Attempt(s) - 66,67%
BlackHawks - 0 on 4 Attempt(s) - 0,00%

Penalty Kill

Penguins - 4 on 4 Attempt(s) - 100,00% - Score 0 goal in Penalty Kill
BlackHawks - 1 on 3 Attempt(s) - 33,33% - Score 1 goal in Penalty Kill

Team Stat

Penguins - Hits : 29 - Faceoff Wins : 37 - Blocked Shots : 8 - Penalty Minutes : 10
BlackHawks - Hits : 19 - Faceoff Wins : 61 - Blocked Shots : 13 - Penalty Minutes : 8

Official

Referees : Chris Schlenker and Eric Furlatt
Linesman : Travis Gawryletz and Matt Brady

Game Notes

No Game Note

Finance

Level 1 -- Attendance: 2582 (39,72%) -- Ticket Income 645 500 $
Level 2 -- Attendance: 2035 (40,70%) -- Ticket Income 407 000 $
Level 3 -- Attendance: 1241 (35,46%) -- Ticket Income 217 175 $
Level 4 -- Attendance: 764 (20,55%) -- Ticket Income 114 600 $
Luxury Box -- Attendance: 493 (49,30%) -- Ticket Income 197 200 $
Game was played at the United Center.
Total Attendance: 7115 (36,09%)
Total Ticket Income: 1 581 475 $
Other Income: 774 923 $
Total Income: 2 356 398 $

% Time on Ice - Penguins

Lines # - Real PCT - Wanted PCT - Time Play
Normal Forward
1 - 33% - 35% - 15:04
2 - 36% - 33% - 16:41
3 - 21% - 22% - 9:37
4 - 10% - 10% - 4:28
Normal Defense
1 - 35% - 40% - 15:50
2 - 33% - 30% - 15:07
3 - 29% - 20% - 13:07
4 - 4% - 10% - 1:46
PP Forward
1 - 62% - 60% - 2:39
2 - 38% - 40% - 1:36
PP Defense
1 - 47% - 60% - 1:59
2 - 53% - 40% - 2:16
PK Forward
1 - 70% - 60% - 5:34
2 - 30% - 40% - 2:22
PK Defense
1 - 49% - 60% - 3:53
2 - 51% - 40% - 4:03
PK3 Forward
1 - 0% - 60%
2 - 0% - 40%
PK3 Defense
1 - 0% - 60%
2 - 0% - 40%
44 Forward
1 - 59% - 60% - 1:10
2 - 41% - 40% - 0:49
44 Defense
1 - 59% - 60% - 1:10
2 - 41% - 40% - 0:49
Last Minute Offensive  - 0:00
Last Minute Defensive  - 0:00
Total
Forward - 60:00
Defense - 60:00

% Time on Ice - BlackHawks

Lines # - Real PCT - Wanted PCT - Time Play
Normal Forward
1 - 30% - 40% - 13:32
2 - 28% - 30% - 13:03
3 - 27% - 20% - 12:29
4 - 15% - 10% - 6:46
Normal Defense
1 - 36% - 40% - 16:29
2 - 30% - 30% - 13:35
3 - 31% - 20% - 14:24
4 - 3% - 10% - 1:22
PP Forward
1 - 57% - 60% - 4:29
2 - 43% - 40% - 3:27
PP Defense
1 - 60% - 60% - 4:44
2 - 40% - 40% - 3:12
PK Forward
1 - 83% - 60% - 3:32
2 - 17% - 40% - 0:43
PK Defense
1 - 49% - 60% - 2:04
2 - 51% - 40% - 2:11
PK3 Forward
1 - 0% - 60%
2 - 0% - 40%
PK3 Defense
1 - 0% - 60%
2 - 0% - 40%
44 Forward
1 - 66% - 60% - 1:18
2 - 34% - 40% - 0:41
44 Defense
1 - 38% - 60% - 0:45
2 - 62% - 40% - 1:14
Last Minute Offensive  - 0:00
Last Minute Defensive  - 0:00
Total
Forward - 60:00
Defense - 60:00

Play-by-Play

1st period


0:01 of 1st period - Anze Kopitar wins face-off versus Nathan MacKinnon in neutral zone.
0:06 of 1st period - Icing by Shea Weber.
0:07 of 1st period - Nathan MacKinnon wins face-off versus Phillip Danault in Penguins zone.
0:30 of 1st period - Icing by Adam Larsson.
0:31 of 1st period - Mark Scheifele wins face-off versus Phillip Danault in BlackHawks zone.
0:42 of 1st period - Shot by David Perron.
0:42 of 1st period - Deflect By Gabriel Landeskog.
0:42 of 1st period - Shot Blocked by Phillip Danault.
0:45 of 1st period - Icing by Scott Laughton.
0:46 of 1st period - Phillip Danault wins face-off versus Clayton Keller in BlackHawks zone.
0:46 of 1st period - Brandon Carlo is hit by Oliver Bjorkstrand and loses puck.
0:59 of 1st period - Off-side.
1:00 of 1st period - Anze Kopitar wins face-off versus Oskar Lindblom in neutral zone.
1:23 of 1st period - Shot by Jaden Schwartz.
1:23 of 1st period - Shot Misses the Net.
1:27 of 1st period - Shot by Anze Kopitar.
1:27 of 1st period - Stopped by Connor Hellebuyck without a rebound.
1:28 of 1st period - Jared McCann wins face-off versus Mark Scheifele in Penguins zone.
2:38 of 1st period - Shot by Shea Weber.
2:38 of 1st period - Stopped by Jacob Markstrom without a rebound.
2:39 of 1st period - Anze Kopitar wins face-off versus Clayton Keller in BlackHawks zone.
2:44 of 1st period - Brent Seabrook is hit by Anze Kopitar and loses puck.
2:59 of 1st period - Shot by Clayton Keller.
2:59 of 1st period - Shot Blocked by Justin Faulk.
3:32 of 1st period - Shot by Patrik Laine.
3:32 of 1st period - Shot Blocked by Justin Faulk.
3:34 of 1st period - Shot by Shea Weber.
3:34 of 1st period - Shot Blocked by Erik Johnson.
3:36 of 1st period - Shot by Nathan MacKinnon.
3:36 of 1st period - Shot Misses the Net.
3:46 of 1st period - Shot by Patrik Laine.
3:46 of 1st period - Stopped by Jacob Markstrom without a rebound.
3:47 of 1st period - Ivan Barbashev wins face-off versus Mark Scheifele in BlackHawks zone.
3:47 of 1st period - Curtis Lazar is hit by Gabriel Landeskog and loses puck.
3:51 of 1st period - Adam Larsson is hit by Gabriel Landeskog and loses puck.
4:12 of 1st period - Denis Malgin is hit by Gabriel Landeskog and loses puck.
4:25 of 1st period - Adam Larsson is hit by Gabriel Landeskog and loses puck.
4:41 of 1st period - David Perron is hit by Ben Hutton and loses puck.
4:59 of 1st period - Off-side.
5:00 of 1st period - Jared McCann wins face-off versus Clayton Keller in neutral zone.
5:17 of 1st period - Alex DeBrincat is hit by Jake Virtanen and loses puck.
5:29 of 1st period - Alex DeBrincat is hit by Erik Johnson and loses puck.
5:33 of 1st period - Alex DeBrincat is hit by Justin Faulk.
5:36 of 1st period - Minor Penalty to Erik Johnson for Boarding.
5:36 of 1st period - Minor Penalty to Oliver Bjorkstrand for Roughing.
5:37 of 1st period - Anze Kopitar wins face-off versus Nathan MacKinnon in BlackHawks zone.
5:52 of 1st period - Shot by Phillip Danault.
5:52 of 1st period - Shot Misses the Net.
5:54 of 1st period - Shot by Adam Larsson.
5:54 of 1st period - Shot Misses the Net.
6:00 of 1st period - Shot by Anze Kopitar.
6:00 of 1st period - Shot Hit the Post.
6:02 of 1st period - Shot by Anze Kopitar.
6:02 of 1st period - Deflect By Phillip Danault.
6:02 of 1st period - Shot Misses the Net.
6:16 of 1st period - Shot by Anze Kopitar.
6:16 of 1st period - Stopped by Connor Hellebuyck without a rebound.
6:17 of 1st period - Mark Scheifele wins face-off versus Jaden Schwartz in Penguins zone.
7:15 of 1st period - Shot by Anze Kopitar.
7:15 of 1st period - Shot Misses the Net.
7:27 of 1st period - Shot by Phillip Danault.
7:27 of 1st period - Stopped by Connor Hellebuyck with a rebound.
8:00 of 1st period - Shot by Adrian Kempe.
8:00 of 1st period - Shot Misses the Net.
8:23 of 1st period - Icing by Ivan Barbashev.
8:24 of 1st period - Denis Malgin wins face-off versus Clayton Keller in BlackHawks zone.
8:26 of 1st period - Icing by Ivan Barbashev.
8:27 of 1st period - Ivan Barbashev wins face-off versus Nathan MacKinnon in BlackHawks zone.
8:27 of 1st period - Ivan Barbashev is hit by Patrik Laine.
8:41 of 1st period - Shot by Drew Doughty.
8:41 of 1st period - Shot Blocked by Justin Faulk.
8:57 of 1st period - Shot by Anze Kopitar.
8:57 of 1st period - Shot Misses the Net.
9:13 of 1st period - Shot by Anze Kopitar.
9:13 of 1st period - Shot Blocked by Drew Doughty.
9:24 of 1st period - Icing by Drew Doughty.
9:25 of 1st period - Phillip Danault wins face-off versus Nathan MacKinnon in Penguins zone.
9:25 of 1st period - Kyle Palmieri is hit by Drew Doughty and loses puck.
9:34 of 1st period - Shot by Phillip Danault.
9:34 of 1st period - Shot Misses the Net.
9:36 of 1st period - Shot by Kyle Palmieri.
9:36 of 1st period - Shot Misses the Net.
9:38 of 1st period - Shot by Phillip Danault.
9:38 of 1st period - Shot Blocked by Shea Weber.
9:45 of 1st period - Kyle Palmieri is hit by Drew Doughty and loses puck.
9:52 of 1st period - Shot by Phillip Danault.
9:52 of 1st period - Shot Blocked by Patrik Laine.
9:58 of 1st period - Shot by Kyle Palmieri.
9:58 of 1st period - Shot Misses the Net.
10:00 of 1st period - Shot by Phillip Danault.
10:00 of 1st period - Deflect By Kyle Palmieri.
10:00 of 1st period - Stopped by Connor Hellebuyck with a rebound.
10:02 of 1st period - Shot by Adam Larsson.
10:02 of 1st period - Shot Blocked by Drew Doughty.
10:19 of 1st period - Icing by Jared McCann.
10:20 of 1st period - Jared McCann wins face-off versus Mark Scheifele in BlackHawks zone.
11:29 of 1st period - Shot by Clayton Keller.
11:29 of 1st period - Shot Misses the Net.
11:32 of 1st period - Icing by Ben Hutton.
11:33 of 1st period - Adrian Kempe wins face-off versus Jared McCann in BlackHawks zone.
11:44 of 1st period - Lawson Crouse is hit by Cedric Paquette.
13:48 of 1st period - Shot by Scott Laughton.
13:48 of 1st period - Shot Blocked by Drew Doughty.
13:50 of 1st period - Shot by Kyle Palmieri.
13:50 of 1st period - Stopped by Connor Hellebuyck without a rebound.
13:51 of 1st period - Ivan Barbashev wins face-off versus Patrik Laine in Penguins zone.
14:13 of 1st period - Icing by Marcus Pettersson.
14:14 of 1st period - Phillip Danault wins face-off versus Nathan MacKinnon in Penguins zone.
14:24 of 1st period - Icing by Erik Johnson.
14:25 of 1st period - Phillip Danault wins face-off versus Alex DeBrincat in BlackHawks zone.
15:04 of 1st period - Shot by Oliver Bjorkstrand.
15:04 of 1st period - Shot Blocked by Phillip Danault.
15:06 of 1st period - Shot by Mark Giordano.
15:06 of 1st period - Shot Blocked by Justin Faulk.
15:26 of 1st period - Shot by Shea Weber.
15:26 of 1st period - Deflect By Nathan MacKinnon.
15:26 of 1st period - Stopped by Jacob Markstrom with a rebound.
15:36 of 1st period - Shot by Shea Weber.
15:36 of 1st period - Stopped by Jacob Markstrom without a rebound.
15:37 of 1st period - Mark Scheifele wins face-off versus Anze Kopitar in BlackHawks zone.
16:13 of 1st period - Shot by Gabriel Landeskog.
16:13 of 1st period - Stopped by Jacob Markstrom without a rebound.
16:14 of 1st period - Jared McCann wins face-off versus Nathan MacKinnon in BlackHawks zone.
16:30 of 1st period - Icing by Drew Doughty.
16:31 of 1st period - Ivan Barbashev wins face-off versus Nathan MacKinnon in Penguins zone.
16:36 of 1st period - Shot by Curtis Lazar.
16:36 of 1st period - Shot Misses the Net.
16:52 of 1st period - Shot by Patrik Laine.
16:52 of 1st period - Stopped by Jacob Markstrom without a rebound.
16:53 of 1st period - Anze Kopitar wins face-off versus Mark Scheifele in BlackHawks zone.
17:24 of 1st period - Shot by Jaden Schwartz.
17:24 of 1st period - Stopped by Connor Hellebuyck without a rebound.
17:25 of 1st period - Clayton Keller wins face-off versus Phillip Danault in Penguins zone.
17:25 of 1st period - Clayton Keller is hit by Phillip Danault.
18:40 of 1st period - Shot by Nathan MacKinnon.
18:40 of 1st period - Goal by Nathan MacKinnon - Penguins : 1 - BlackHawks : 0.
18:41 of 1st period - Mark Scheifele wins face-off versus Jared McCann in neutral zone.
18:41 of 1st period - Marcus Pettersson is hit by Lawson Crouse and loses puck.
18:50 of 1st period - Shot by Gabriel Landeskog.
18:50 of 1st period - Shot Misses the Net.
19:15 of 1st period - Shot by Gabriel Landeskog.
19:15 of 1st period - Stopped by Jacob Markstrom without a rebound.
19:16 of 1st period - Anze Kopitar wins face-off versus Nathan MacKinnon in BlackHawks zone.
19:46 of 1st period - Icing by Mark Giordano.
19:47 of 1st period - Phillip Danault wins face-off versus Nathan MacKinnon in Penguins zone.
19:50 of 1st period - Shot by Scott Laughton.
19:50 of 1st period - Shot Misses the Net.
Goals for this period are 1 for Penguins vs 0 for BlackHawks.
Shots for this period are 8 for Penguins vs 6 for BlackHawks.

2nd period


0:01 of 2nd period - Mark Scheifele wins face-off versus Anze Kopitar in neutral zone.
0:13 of 2nd period - Anze Kopitar is hit by Shea Weber and loses puck.
0:19 of 2nd period - Shot by Jaden Schwartz.
0:19 of 2nd period - Deflect By Anze Kopitar.
0:19 of 2nd period - Shot Misses the Net.
1:08 of 2nd period - Shot by Brandon Carlo.
1:08 of 2nd period - Stopped by Connor Hellebuyck without a rebound.
1:09 of 2nd period - Jared McCann wins face-off versus Clayton Keller in Penguins zone.
1:16 of 2nd period - Shot by Ben Hutton.
1:16 of 2nd period - Shot Blocked by Brent Seabrook.
1:27 of 2nd period - Minor Penalty to Lawson Crouse for Roughing.
1:28 of 2nd period - Anze Kopitar wins face-off versus Nathan MacKinnon in BlackHawks zone.
1:55 of 2nd period - Shot by Mark Giordano.
1:55 of 2nd period - Shot Misses the Net.
1:57 of 2nd period - Shot by Mark Giordano.
1:57 of 2nd period - Goal by Mark Giordano - Penguins : 2 - BlackHawks : 0.
1:58 of 2nd period - Ivan Barbashev wins face-off versus Adrian Kempe in neutral zone.
2:09 of 2nd period - Shot by Ivan Barbashev.
2:09 of 2nd period - Shot Misses the Net.
2:11 of 2nd period - Shot by Ivan Barbashev.
2:11 of 2nd period - Goal by Ivan Barbashev - Penguins : 2 - BlackHawks : 1.
2:12 of 2nd period - David Perron wins face-off versus Jared McCann in neutral zone.
2:17 of 2nd period - Shot by Mark Scheifele.
2:17 of 2nd period - Shot Misses the Net.
3:16 of 2nd period - Nathan MacKinnon is hit by Erik Johnson and loses puck.
3:33 of 2nd period - Shot by Phil Kessel.
3:33 of 2nd period - Deflect By Anze Kopitar.
3:33 of 2nd period - Stopped by Connor Hellebuyck without a rebound.
3:34 of 2nd period - Phillip Danault wins face-off versus Oliver Bjorkstrand in Penguins zone.
3:49 of 2nd period - Shot by Brandon Carlo.
3:49 of 2nd period - Stopped by Connor Hellebuyck without a rebound.
3:50 of 2nd period - Nathan MacKinnon wins face-off versus Ivan Barbashev in Penguins zone.
4:44 of 2nd period - Jaden Schwartz is hit by Filip Hronek and loses puck.
4:51 of 2nd period - Shot by Anze Kopitar.
4:51 of 2nd period - Stopped by Connor Hellebuyck without a rebound.
4:52 of 2nd period - Phillip Danault wins face-off versus Mark Scheifele in Penguins zone.
4:53 of 2nd period - Shot by Kyle Palmieri.
4:53 of 2nd period - Shot Misses the Net.
5:27 of 2nd period - Shot by David Perron.
5:27 of 2nd period - Deflect By Mark Scheifele.
5:27 of 2nd period - Stopped by Jacob Markstrom without a rebound.
5:28 of 2nd period - Anze Kopitar wins face-off versus Clayton Keller in BlackHawks zone.
5:43 of 2nd period - Icing by Filip Hronek.
5:44 of 2nd period - Jared McCann wins face-off versus Clayton Keller in Penguins zone.
5:52 of 2nd period - Minor Penalty to Lawson Crouse for Tripping.
5:53 of 2nd period - Anze Kopitar wins face-off versus Nathan MacKinnon in BlackHawks zone.
6:06 of 2nd period - Shot by Anze Kopitar.
6:06 of 2nd period - Goal by Anze Kopitar - Penguins : 2 - BlackHawks : 2.
6:07 of 2nd period - Anze Kopitar wins face-off versus Mark Scheifele in neutral zone.
6:40 of 2nd period - Shot by Justin Faulk.
6:40 of 2nd period - Stopped by Connor Hellebuyck without a rebound.
6:41 of 2nd period - Anze Kopitar wins face-off versus Nathan MacKinnon in Penguins zone.
7:12 of 2nd period - Shot by Patrik Laine.
7:12 of 2nd period - Shot Blocked by Brandon Carlo.
7:18 of 2nd period - Shot by Filip Hronek.
7:18 of 2nd period - Stopped by Jacob Markstrom with a rebound.
7:20 of 2nd period - Shot by Joe Thornton.
7:20 of 2nd period - Stopped by Jacob Markstrom with a rebound.
7:22 of 2nd period - Shot by Mark Giordano.
7:22 of 2nd period - Stopped by Jacob Markstrom without a rebound.
7:23 of 2nd period - Mark Scheifele wins face-off versus Phil Kessel in BlackHawks zone.
7:34 of 2nd period - Shot by Mark Scheifele.
7:34 of 2nd period - Shot Misses the Net.
7:36 of 2nd period - Shot by Gabriel Landeskog.
7:36 of 2nd period - Shot Misses the Net.
7:38 of 2nd period - Shot by David Perron.
7:38 of 2nd period - Goal by David Perron - Penguins : 3 - BlackHawks : 2.
7:39 of 2nd period - Adrian Kempe wins face-off versus Jared McCann in neutral zone.
7:42 of 2nd period - Jared McCann is hit by Cedric Paquette and loses puck.
7:55 of 2nd period - Shot by Adrian Kempe.
7:55 of 2nd period - Stopped by Jacob Markstrom without a rebound.
7:56 of 2nd period - Ivan Barbashev wins face-off versus Mark Scheifele in BlackHawks zone.
7:56 of 2nd period - Ivan Barbashev is hit by Gabriel Landeskog.
7:59 of 2nd period - Curtis Lazar is hit by Gabriel Landeskog and loses puck.
8:38 of 2nd period - Shot by Gabriel Landeskog.
8:38 of 2nd period - Deflect By David Perron.
8:38 of 2nd period - Stopped by Jacob Markstrom without a rebound.
8:39 of 2nd period - Nathan MacKinnon wins face-off versus Anze Kopitar in BlackHawks zone.
8:42 of 2nd period - Shot by Nathan MacKinnon.
8:42 of 2nd period - Stopped by Jacob Markstrom without a rebound.
8:43 of 2nd period - Anze Kopitar wins face-off versus Nathan MacKinnon in BlackHawks zone.
9:14 of 2nd period - Icing by Brandon Carlo.
9:15 of 2nd period - Clayton Keller wins face-off versus Anze Kopitar in BlackHawks zone.
9:21 of 2nd period - Off-side.
9:22 of 2nd period - Phillip Danault wins face-off versus Mark Scheifele in neutral zone.
10:15 of 2nd period - Icing by Erik Johnson.
10:16 of 2nd period - Nathan MacKinnon wins face-off versus Phillip Danault in BlackHawks zone.
10:27 of 2nd period - Shot by Nathan MacKinnon.
10:27 of 2nd period - Shot Misses the Net.
10:29 of 2nd period - Shot by Patrik Laine.
10:29 of 2nd period - Shot Misses the Net.
10:31 of 2nd period - Shot by Nathan MacKinnon.
10:31 of 2nd period - Shot Misses the Net.
10:46 of 2nd period - Icing by Erik Johnson.
10:47 of 2nd period - Phillip Danault wins face-off versus Clayton Keller in BlackHawks zone.
11:06 of 2nd period - Shot by Alex DeBrincat.
11:06 of 2nd period - Stopped by Jacob Markstrom without a rebound.
11:07 of 2nd period - Adrian Kempe wins face-off versus Jared McCann in BlackHawks zone.
11:43 of 2nd period - Adrian Kempe is hit by Brandon Carlo and loses puck.
11:56 of 2nd period - Adrian Kempe is hit by Jake Virtanen.
12:16 of 2nd period - Shot by Nathan MacKinnon.
12:16 of 2nd period - Shot Misses the Net.
12:42 of 2nd period - Filip Hronek is hit by Anze Kopitar.
12:46 of 2nd period - Shot by Nathan MacKinnon.
12:46 of 2nd period - Stopped by Jacob Markstrom without a rebound.
12:47 of 2nd period - Mark Scheifele wins face-off versus Ivan Barbashev in BlackHawks zone.
12:47 of 2nd period - Gabriel Landeskog is hit by Justin Faulk and loses puck.
13:05 of 2nd period - Shot by David Perron.
13:05 of 2nd period - Stopped by Jacob Markstrom with a rebound.
13:07 of 2nd period - Shot by Mark Scheifele.
13:07 of 2nd period - Deflect By David Perron.
13:07 of 2nd period - Shot Misses the Net.
13:17 of 2nd period - Shot by Mark Scheifele.
13:17 of 2nd period - Stopped by Jacob Markstrom with a rebound.
13:19 of 2nd period - Shot by Gabriel Landeskog.
13:19 of 2nd period - Shot Blocked by Justin Faulk.
13:58 of 2nd period - Shot by Alex DeBrincat.
13:58 of 2nd period - Shot Misses the Net.
14:00 of 2nd period - Shot by Mark Giordano.
14:00 of 2nd period - Shot Hit the Post.
14:12 of 2nd period - Shot by Alex DeBrincat.
14:12 of 2nd period - Stopped by Jacob Markstrom without a rebound.
14:13 of 2nd period - Anze Kopitar wins face-off versus Nathan MacKinnon in BlackHawks zone.
14:18 of 2nd period - Shot by Patrik Laine.
14:18 of 2nd period - Stopped by Jacob Markstrom with a rebound.
14:22 of 2nd period - Shot by Nathan MacKinnon.
14:22 of 2nd period - Shot Misses the Net.
14:32 of 2nd period - Nathan MacKinnon is hit by Anze Kopitar and loses puck.
15:20 of 2nd period - Minor Penalty to Filip Hronek for Holding.
15:21 of 2nd period - Adrian Kempe wins face-off versus Phillip Danault in Penguins zone.
16:00 of 2nd period - Shot by Phillip Danault.
16:00 of 2nd period - Stopped by Connor Hellebuyck without a rebound.
16:01 of 2nd period - Anze Kopitar wins face-off versus Adrian Kempe in Penguins zone.
16:12 of 2nd period - Anze Kopitar is hit by Oliver Bjorkstrand and loses puck.
16:19 of 2nd period - Shot by Adam Larsson.
16:19 of 2nd period - Shot Misses the Net.
16:21 of 2nd period - Shot by Adam Larsson.
16:21 of 2nd period - Stopped by Connor Hellebuyck with a rebound.
16:23 of 2nd period - Shot by Brandon Carlo.
16:23 of 2nd period - Stopped by Connor Hellebuyck without a rebound.
16:24 of 2nd period - Phillip Danault wins face-off versus Cedric Paquette in Penguins zone.
16:27 of 2nd period - Shot by Justin Faulk.
16:27 of 2nd period - Stopped by Connor Hellebuyck without a rebound.
16:28 of 2nd period - Phillip Danault wins face-off versus Adrian Kempe in Penguins zone.
16:45 of 2nd period - Shot by Erik Johnson.
16:45 of 2nd period - Shot Misses the Net.
16:47 of 2nd period - Shot by Justin Faulk.
16:47 of 2nd period - Stopped by Connor Hellebuyck without a rebound.
16:48 of 2nd period - Anze Kopitar wins face-off versus Cedric Paquette in Penguins zone.
17:14 of 2nd period - Shot by Brandon Carlo.
17:14 of 2nd period - Stopped by Connor Hellebuyck without a rebound.
17:15 of 2nd period - Scott Laughton wins face-off versus Adrian Kempe in Penguins zone.
17:34 of 2nd period - Shot by Jared McCann.
17:34 of 2nd period - Stopped by Connor Hellebuyck without a rebound.
17:35 of 2nd period - Phillip Danault wins face-off versus Nathan MacKinnon in Penguins zone.
19:16 of 2nd period - Icing by Shea Weber.
19:17 of 2nd period - Mark Scheifele wins face-off versus Lawson Crouse in Penguins zone.
19:34 of 2nd period - Shot by Alex DeBrincat.
19:34 of 2nd period - Shot Misses the Net.
19:36 of 2nd period - Shot by Oliver Bjorkstrand.
19:36 of 2nd period - Deflect By Clayton Keller.
19:36 of 2nd period - Shot Misses the Net.
19:41 of 2nd period - Minor Penalty to John Marino for Slashing.
19:42 of 2nd period - Nathan MacKinnon wins face-off versus Anze Kopitar in BlackHawks zone.
19:49 of 2nd period - Shot by Filip Hronek.
19:49 of 2nd period - Stopped by Jacob Markstrom with a rebound.
19:51 of 2nd period - Shot by Nathan MacKinnon.
19:51 of 2nd period - Shot Misses the Net.
19:53 of 2nd period - Shot by Mark Giordano.
19:53 of 2nd period - Stopped by Jacob Markstrom without a rebound.
19:54 of 2nd period - Nathan MacKinnon wins face-off versus Ivan Barbashev in BlackHawks zone.
Goals for this period are 2 for Penguins vs 2 for BlackHawks.
Shots for this period are 17 for Penguins vs 14 for BlackHawks.

3rd period


0:01 of 3rd period - Anze Kopitar wins face-off versus Nathan MacKinnon in neutral zone.
0:18 of 3rd period - Phillip Danault is hit by Patrik Laine and loses puck.
0:27 of 3rd period - Shot by Shea Weber.
0:27 of 3rd period - Stopped by Jacob Markstrom without a rebound.
0:28 of 3rd period - Anze Kopitar wins face-off versus Mark Scheifele in BlackHawks zone.
1:13 of 3rd period - Off-side.
1:14 of 3rd period - Anze Kopitar wins face-off versus Patrik Laine in neutral zone.
1:17 of 3rd period - Shot by Phillip Danault.
1:17 of 3rd period - Shot Misses the Net.
1:19 of 3rd period - Shot by Anze Kopitar.
1:19 of 3rd period - Stopped by Connor Hellebuyck without a rebound.
1:20 of 3rd period - Anze Kopitar wins face-off versus Nathan MacKinnon in Penguins zone.
1:30 of 3rd period - Icing by Drew Doughty.
1:31 of 3rd period - Nathan MacKinnon wins face-off versus Jaden Schwartz in Penguins zone.
1:44 of 3rd period - Shot by Clayton Keller.
1:44 of 3rd period - Stopped by Jacob Markstrom without a rebound.
1:45 of 3rd period - Jared McCann wins face-off versus Clayton Keller in BlackHawks zone.
2:03 of 3rd period - Minor Penalty to Oliver Bjorkstrand for Elbowing.
2:04 of 3rd period - Anze Kopitar wins face-off versus Adrian Kempe in Penguins zone.
2:07 of 3rd period - Shot by Phil Kessel.
2:07 of 3rd period - Stopped by Connor Hellebuyck without a rebound.
2:08 of 3rd period - Adrian Kempe wins face-off versus Jaden Schwartz in Penguins zone.
2:08 of 3rd period - Adrian Kempe is hit by Jaden Schwartz.
2:21 of 3rd period - Phil Kessel is hit by Filip Hronek and loses puck.
2:38 of 3rd period - Shot by Anze Kopitar.
2:38 of 3rd period - Stopped by Connor Hellebuyck without a rebound.
2:39 of 3rd period - Phillip Danault wins face-off versus Adrian Kempe in Penguins zone.
3:43 of 3rd period - Shot by Jaden Schwartz.
3:43 of 3rd period - Shot Misses the Net.
4:12 of 3rd period - Lawson Crouse is hit by Brent Seabrook and loses puck.
4:57 of 3rd period - Ivan Barbashev is hit by Patrik Laine.
5:40 of 3rd period - Shot by David Perron.
5:40 of 3rd period - Shot Misses the Net.
6:15 of 3rd period - Shot by Clayton Keller.
6:15 of 3rd period - Shot Misses the Net.
6:17 of 3rd period - Shot by Oliver Bjorkstrand.
6:17 of 3rd period - Stopped by Jacob Markstrom without a rebound.
6:18 of 3rd period - Anze Kopitar wins face-off versus Adrian Kempe in BlackHawks zone.
6:20 of 3rd period - Jaden Schwartz is hit by Cedric Paquette.
6:47 of 3rd period - Shot by Cedric Paquette.
6:47 of 3rd period - Shot Blocked by John Marino.
6:49 of 3rd period - Shot by Oskar Lindblom.
6:49 of 3rd period - Stopped by Jacob Markstrom without a rebound.
6:50 of 3rd period - Nathan MacKinnon wins face-off versus Jared McCann in BlackHawks zone.
6:50 of 3rd period - Nathan MacKinnon is hit by Adam Larsson.
7:14 of 3rd period - Shot by Patrik Laine.
7:14 of 3rd period - Shot Misses the Net.
7:16 of 3rd period - Shot by Nathan MacKinnon.
7:16 of 3rd period - Stopped by Jacob Markstrom without a rebound.
7:17 of 3rd period - Phillip Danault wins face-off versus Mark Scheifele in BlackHawks zone.
7:17 of 3rd period - Phillip Danault is hit by Gabriel Landeskog.
7:29 of 3rd period - Shot by Scott Laughton.
7:29 of 3rd period - Shot Misses the Net.
7:58 of 3rd period - Shot by Gabriel Landeskog.
7:58 of 3rd period - Stopped by Jacob Markstrom without a rebound.
7:59 of 3rd period - Nathan MacKinnon wins face-off versus Phil Kessel in BlackHawks zone.
8:10 of 3rd period - Shot by Nathan MacKinnon.
8:10 of 3rd period - Shot Misses the Net.
8:12 of 3rd period - Shot by Drew Doughty.
8:12 of 3rd period - Stopped by Jacob Markstrom without a rebound.
8:13 of 3rd period - Jared McCann wins face-off versus Clayton Keller in BlackHawks zone.
8:52 of 3rd period - Jake Virtanen is hit by Filip Hronek and loses puck.
9:36 of 3rd period - Shot by Jaden Schwartz.
9:36 of 3rd period - Deflect By Phil Kessel.
9:36 of 3rd period - Stopped by Connor Hellebuyck without a rebound.
9:37 of 3rd period - Phillip Danault wins face-off versus Nathan MacKinnon in Penguins zone.
10:00 of 3rd period - Shot by Phillip Danault.
10:00 of 3rd period - Stopped by Connor Hellebuyck without a rebound.
10:01 of 3rd period - Ivan Barbashev wins face-off versus Mark Scheifele in Penguins zone.
10:22 of 3rd period - Shot by David Perron.
10:22 of 3rd period - Shot Misses the Net.
10:31 of 3rd period - Minor Penalty to Gabriel Landeskog for Holding.
10:32 of 3rd period - Adrian Kempe wins face-off versus Anze Kopitar in Penguins zone.
12:18 of 3rd period - Shot by Brandon Carlo.
12:18 of 3rd period - Stopped by Connor Hellebuyck without a rebound.
12:19 of 3rd period - Phillip Danault wins face-off versus Cedric Paquette in Penguins zone.
12:45 of 3rd period - Shot by Nathan MacKinnon.
12:45 of 3rd period - Deflect By Patrik Laine.
12:45 of 3rd period - Stopped by Jacob Markstrom without a rebound.
12:46 of 3rd period - Ivan Barbashev wins face-off versus Gabriel Landeskog in BlackHawks zone.
12:48 of 3rd period - Curtis Lazar is hit by Gabriel Landeskog and loses puck.
13:04 of 3rd period - Shot by Gabriel Landeskog.
13:04 of 3rd period - Stopped by Jacob Markstrom without a rebound.
13:05 of 3rd period - Joe Thornton wins face-off versus Phillip Danault in BlackHawks zone.
13:14 of 3rd period - Shot by Patrik Laine.
13:14 of 3rd period - Stopped by Jacob Markstrom without a rebound.
13:15 of 3rd period - Jared McCann wins face-off versus Mark Scheifele in BlackHawks zone.
13:20 of 3rd period - Shot by Brandon Carlo.
13:20 of 3rd period - Shot Misses the Net.
13:50 of 3rd period - Shot by Gabriel Landeskog.
13:50 of 3rd period - Stopped by Jacob Markstrom without a rebound.
13:51 of 3rd period - Nathan MacKinnon wins face-off versus Jaden Schwartz in BlackHawks zone.
13:57 of 3rd period - Phil Kessel is hit by Filip Hronek and loses puck.
14:02 of 3rd period - Shot by Jaden Schwartz.
14:02 of 3rd period - Shot Misses the Net.
14:12 of 3rd period - Shot by Phil Kessel.
14:12 of 3rd period - Shot Blocked by Filip Hronek.
14:24 of 3rd period - Shot by Jaden Schwartz.
14:24 of 3rd period - Goal by Jaden Schwartz - Penguins : 3 - BlackHawks : 3.
14:25 of 3rd period - Phillip Danault wins face-off versus Alex DeBrincat in neutral zone.
14:25 of 3rd period - Kyle Palmieri is hit by Oliver Bjorkstrand and loses puck.
14:37 of 3rd period - Shot by Phillip Danault.
14:37 of 3rd period - Stopped by Connor Hellebuyck without a rebound.
14:38 of 3rd period - Mark Scheifele wins face-off versus Jared McCann in Penguins zone.
14:55 of 3rd period - Adam Larsson is hit by Gabriel Landeskog and loses puck.
15:16 of 3rd period - Drew Doughty is hit by Jared McCann and loses puck.
15:43 of 3rd period - Icing by Phil Kessel.
15:44 of 3rd period - Clayton Keller wins face-off versus Phil Kessel in BlackHawks zone.
15:49 of 3rd period - Shot by Alex DeBrincat.
15:49 of 3rd period - Deflect By Oliver Bjorkstrand.
15:49 of 3rd period - Shot Misses the Net.
15:56 of 3rd period - Minor Penalty to Marcus Pettersson for Hooking.
15:57 of 3rd period - Adrian Kempe wins face-off versus Kyle Palmieri in Penguins zone.
15:57 of 3rd period - Filip Hronek is hit by Scott Laughton and loses puck.
16:30 of 3rd period - Shot by Adam Larsson.
16:30 of 3rd period - Shot Blocked by Drew Doughty.
16:42 of 3rd period - Mark Giordano is hit by Phillip Danault and loses puck.
17:15 of 3rd period - Shot by Anze Kopitar.
17:15 of 3rd period - Stopped by Connor Hellebuyck without a rebound.
17:16 of 3rd period - Cedric Paquette wins face-off versus Jaden Schwartz in Penguins zone.
17:16 of 3rd period - Cedric Paquette is hit by Phil Kessel.
17:40 of 3rd period - Shot by Erik Johnson.
17:40 of 3rd period - Stopped by Connor Hellebuyck with a rebound.
17:57 of 3rd period - Phillip Danault is hit by Joe Thornton and loses puck.
18:18 of 3rd period - Jake Virtanen is hit by Marcus Pettersson and loses puck.
18:28 of 3rd period - Jared McCann is hit by Marcus Pettersson and loses puck.
18:55 of 3rd period - Shot by Curtis Lazar.
18:55 of 3rd period - Stopped by Connor Hellebuyck without a rebound.
18:56 of 3rd period - Gabriel Landeskog wins face-off versus Phillip Danault in Penguins zone.
Goals for this period are 0 for Penguins vs 1 for BlackHawks.
Shots for this period are 11 for Penguins vs 11 for BlackHawks.

Overtime #1


0:01 of 1st overtime period - Anze Kopitar wins face-off versus Mark Scheifele in neutral zone.
0:30 of 1st overtime period - Shot by Mark Scheifele.
0:30 of 1st overtime period - Shot Blocked by Erik Johnson.
0:43 of 1st overtime period - Icing by Phillip Danault.
0:44 of 1st overtime period - Gabriel Landeskog wins face-off versus Anze Kopitar in BlackHawks zone.
1:19 of 1st overtime period - Shot by Patrik Laine.
1:19 of 1st overtime period - Shot Blocked by Jaden Schwartz.
2:12 of 1st overtime period - Icing by Jaden Schwartz.
2:13 of 1st overtime period - Gabriel Landeskog wins face-off versus Jaden Schwartz in BlackHawks zone.
2:51 of 1st overtime period - Off-side.
2:52 of 1st overtime period - Anze Kopitar wins face-off versus Mark Scheifele in neutral zone.
2:54 of 1st overtime period - Off-side.
2:55 of 1st overtime period - Anze Kopitar wins face-off versus Mark Scheifele in neutral zone.
2:57 of 1st overtime period - Off-side.
2:58 of 1st overtime period - Mark Scheifele wins face-off versus Anze Kopitar in neutral zone.
3:32 of 1st overtime period - Shot by Nathan MacKinnon.
3:32 of 1st overtime period - Stopped by Jacob Markstrom without a rebound.
3:33 of 1st overtime period - Jaden Schwartz wins face-off versus Gabriel Landeskog in BlackHawks zone.
3:42 of 1st overtime period - Shot by Patrik Laine.
3:42 of 1st overtime period - Shot Blocked by Justin Faulk.
3:44 of 1st overtime period - Shot by Gabriel Landeskog.
3:44 of 1st overtime period - Shot Misses the Net.
3:46 of 1st overtime period - Shot by Patrik Laine.
3:46 of 1st overtime period - Shot Misses the Net.
3:58 of 1st overtime period - Shot by Gabriel Landeskog.
3:58 of 1st overtime period - Stopped by Jacob Markstrom without a rebound.
3:59 of 1st overtime period - Mark Scheifele wins face-off versus Anze Kopitar in BlackHawks zone.
4:37 of 1st overtime period - Shot by Mark Scheifele.
4:37 of 1st overtime period - Shot Misses the Net.
4:51 of 1st overtime period - Shot by Shea Weber.
4:51 of 1st overtime period - Stopped by Jacob Markstrom with a rebound.
Goals for this period are 0 for Penguins vs 0 for BlackHawks.
Shots for this period are 3 for Penguins vs 0 for BlackHawks.

ShootOut


5:00 of 1st overtime period - Round #1.
5:00 of 1st overtime period - Penguins, Nathan MacKinnon.
5:00 of 1st overtime period - Goal by Nathan MacKinnon.
5:00 of 1st overtime period - BlackHawks, Anze Kopitar.
5:00 of 1st overtime period - Stopped by Connor Hellebuyck.
5:00 of 1st overtime period - Round #2.
5:00 of 1st overtime period - Penguins, Mark Scheifele.
5:00 of 1st overtime period - Stopped by Jacob Markstrom.
5:00 of 1st overtime period - BlackHawks, Phillip Danault.
5:00 of 1st overtime period - Stopped by Connor Hellebuyck.
5:00 of 1st overtime period - Round #3.
5:00 of 1st overtime period - Penguins, Patrik Laine.
5:00 of 1st overtime period - Stopped by Jacob Markstrom.
5:00 of 1st overtime period - BlackHawks, Jaden Schwartz.
5:00 of 1st overtime period - Stopped by Connor Hellebuyck.